Quebec Remparts vs Sarnia Sailors

Created - Wednesday, September 3, 2025 at 07:49

Goals
1 2 3 T
Quebec Remparts 2 3 0 5
Sarnia Sailors 0 1 0 1
Shots
1 2 3 T
Quebec Remparts 24 8 14 46
Sarnia Sailors 13 17 10 40

1st period

1. Quebec Remparts , Paul Cotter 17 (Kirby Dach 31) at 1:58 (PP)
2. Quebec Remparts , Paul Cotter 18 (Ethan Del Mastro 11, Kirby Dach 32) at 14:38

Penalties :
Nikolas Matinpalo (SAR) for Roughing (Minor) at 1:56, Zachary L'Heureux (SAR) for Fighting (Major) at 12:52, Jordan Dumais (QUE) for Fighting (Major) at 12:52, Nathan Gaucher (SAR) for Roughing (Minor) at 15:49

2nd period

3. Quebec Remparts , Sam Lafferty 9 (Nick Cousins 11) at 9:16
4. Sarnia Sailors , Cole Reinhardt 2 (Tyson Hinds 6) at 10:28
5. Quebec Remparts , Kirby Dach 20 (Victor Olofsson 20) at 10:34
6. Quebec Remparts , Calvin de Haan 3 (Fraser Minten 23, Adam Gaudette 17) at 12:21 (PP)

Penalties :
Brandt Clarke (QUE) for Roughing (Minor) at 0:34, Tristen Nielsen (SAR) for Holding (Minor) at 2:50, Tyson Hinds (SAR) for Interference (Minor) at 11:46, Brandt Clarke (QUE) for Interference (Minor) at 12:55, Kirby Dach (QUE) for Cross-checking (Minor) at 16:15

3rd period

No Goal

Penalties :
Kirby Dach (QUE) for Roughing (Double Minor) at 4:31, Nick Cousins (QUE) for Holding (Minor) at 9:58, Marc Staal (QUE) for Holding Stick (Minor) at 18:18

Goalie Stats

Devon Levi (QUE), 39 saves from 40 shots - (0.975), W, 19-2-1, 60:00 minutes
Sebastian Cossa (SAR), 41 saves from 46 shots - (0.891), L, 13-6-0, 60:00 minutes

Players Stats for Quebec Remparts

Player Name              G  A  P  +/- PIM S  H  SB GA TA FO     MP     PP MP  PK MP  
------------------------------------------------------------------------------------
                         0  0  0   0  0   0  0  0  0  0  0/0     0:00   0:00   0:00 
Adam Gaudette            0  1  1   0  0   5  0  1  0  0  0/0    21:23   2:28   6:07 
Artem Duda               0  0  0   2  0   3  1  0  0  2  0/0    22:04   2:34   6:27 
Bradly Nadeau            0  0  0   0  0   4  0  1  2  0  0/0    10:44   0:00   0:40 
Brandt Clarke            0  0  0  -1  4   1  0  0  0  2  0/0    25:19   2:01   4:59 
Calvin de Haan           1  0  1  -1  0   4  1  4  1  0  0/0    27:12   2:01   7:09 
Dalibor Dvorsky          0  0  0   0  0   1  1  0  2  0  0/3     6:57   0:00   0:00 
Ethan Del Mastro         0  1  1   2  0   1  2  3  0  0  0/0    22:32   2:34   6:55 
Fraser Minten            0  1  1   0  0   4  0  2  0  0  0/0    14:59   2:28   0:00 
Jordan Dumais            0  0  0   0  5   1  0  0  1  0  0/1     6:47   0:00   0:00 
Jorian Donovan           0  0  0   1  0   0  3  0  0  2  0/0    10:44   0:00   0:00 
Kevin Rooney             0  0  0   0  0   3  0  2  0  0  9/19   14:59   2:28   0:00 
Kirby Dach               1  2  3   2  6   3  2  2  0  0  7/19   17:50   2:07   3:44 
Marc Staal               0  0  0   1  2   0  0  0  0  0  0/0    12:42   0:00   1:42 
Maros Jedlicka           0  0  0   0  0   1  0  0  0  0  0/1     6:57   0:00   0:00 
Nick Cousins             0  1  1   0  2   2  0  0  2  0  2/5    11:12   0:00   0:50 
Paul Cotter              2  0  2   2  0   6  4  0  3  1  0/3    20:21   2:07   6:33 
Sam Lafferty             1  0  1   0  0   3  2  0  3  0  2/2    13:17   0:00   3:05 
Victor Olofsson          0  1  1   2  0   4  2  1  0  1  5/9    20:18   2:07   6:13 

Players Stats for Sarnia Sailors

Player Name              G  A  P  +/- PIM S  H  SB GA TA FO     MP     PP MP  PK MP  
------------------------------------------------------------------------------------
                         0  0  0   0  0   0  0  0  0  0  0/0     0:00   0:00   0:00 
Adam Ginning             0  0  0  -1  0   1  2  1  0  2  0/0    21:55   5:20   2:50 
Arthur Kaliyev           0  0  0  -1  0   6  2  0  2  0  1/1    21:48   7:55   0:00 
Brad Lambert             0  0  0  -1  0   1  0  0  1  0  13/24  22:03   7:58   0:14 
Cole Reinhardt           1  0  1   1  0   1  0  0  0  0  0/0     9:26   0:00   0:00 
Declan Chisholm          0  0  0  -1  0   9  0  2  0  5  0/0    26:47   8:16   1:45 
Erik Brannstrom          0  0  0   0  0   1  1  2  0  1  0/0    12:29   0:00   1:10 
Jeremie Poirier          0  0  0   0  0   0  1  0  0  0  0/0    11:53   0:00   0:00 
Jesse Puljujarvi         0  0  0  -1  0   1  2  0  2  1  0/0    16:00   5:08   0:00 
Landon Slaggert          0  0  0  -1  0   0  1  0  0  0  0/0     9:19   0:00   1:09 
Logan Morrison           0  0  0  -1  0   3  2  0  0  0  3/5    10:27   0:03   1:28 
Nate Danielson           0  0  0  -1  0   1  1  0  0  1  1/1    15:39   7:58   0:00 
Nathan Gaucher           0  0  0   1  2   1  1  0  0  0  2/5     9:56   1:00   0:00 
Nikolas Matinpalo        0  0  0  -1  2   6  0  1  1  1  0/0    25:30   8:16   1:43 
Rory Kerins              0  0  0  -1  0   1  2  3  1  1  16/24  18:53   5:08   2:53 
Skyler Brind'Amour       0  0  0  -1  0   3  2  0  1  0  1/2    16:18   0:00   2:53 
Tristen Nielsen          0  0  0   1  2   1  2  0  0  0  0/0     9:25   0:30   0:00 
Tyson Hinds              0  1  1  -1  2   1  2  2  0  2  0/0    21:58   5:20   2:15 
Zachary L'Heureux        0  0  0  -1  5   3  3  0  0  0  0/0    15:34   5:08   0:00 

3 Stars

1 - Devon Levi (QUE)
2 - Paul Cotter (QUE)
3 - Kirby Dach (QUE)

Power Play

Quebec Remparts - 2 on 4 Attempt(s) - 50.00%
Sarnia Sailors - 0 on 7 Attempt(s) - 0.00%

Penalty Kill

Quebec Remparts - 7 on 7 Attempt(s) - 100.00% - Score 0 goal in Penalty Kill
Sarnia Sailors - 2 on 4 Attempt(s) - 50.00% - Score 0 goal in Penalty Kill

Team Stat

Quebec Remparts - Hits : 18 - Faceoff Wins : 25 - Blocked Shots : 16 - Penalty Minutes : 19
Sarnia Sailors - Hits : 24 - Faceoff Wins : 37 - Blocked Shots : 11 - Penalty Minutes : 13

Official

Referees : Pierre Lambert and Chris Rooney
Linesman : Steve Barton and Ben O'Quinn

Game Notes

Zachary L'Heureux and Jordan Dumais fight to a draw at 12:52 of 1st period

Quebec Remparts

5 vs 5 Forward 
   Center                   Left Wing                Right Wing               Time % Phy DF OF 
 1 Kirby Dach               Paul Cotter              Victor Olofsson          30     1   2  2  
 2 Kevin Rooney             Fraser Minten            Adam Gaudette            30     1   2  2  
 3 Nick Cousins             Bradly Nadeau            Sam Lafferty             25     1   2  2  
 4 Dalibor Dvorsky          Maros Jedlicka           Jordan Dumais            15     1   2  2  

5 vs 5 Defense 
   Defense                  Defense                                           Time % Phy DF OF 
 1 Calvin de Haan           Brandt Clarke                                     30     1   2  2  
 2 Ethan Del Mastro         Artem Duda                                        30     1   2  2  
 3 Jorian Donovan           Marc Staal                                        25     1   2  2  
 4 Calvin de Haan           Brandt Clarke                                     15     1   2  2  

PowerPlay Forward 
   Center                   Left Wing                Right Wing               Time % Phy DF OF 
 1 Kirby Dach               Paul Cotter              Victor Olofsson          50     1   2  2  
 2 Kevin Rooney             Fraser Minten            Adam Gaudette            50     1   2  2  

PowerPlay Defense
   Defense                  Defense                                           Time % Phy DF OF 
 1 Calvin de Haan           Brandt Clarke                                     50     1   2  2  
 2 Ethan Del Mastro         Artem Duda                                        50     1   2  2  

Penalty Kill 4 Players Forward 
   Center                   Wing                     Time % Phy DF OF 
 1 Kirby Dach               Paul Cotter              50     1   2  2  
 2 Victor Olofsson          Adam Gaudette            50     1   2  2  

Penalty Kill 4 Players Defense
   Defense                  Defense                  Time % Phy DF OF 
 1 Calvin de Haan           Brandt Clarke            50     1   2  2  
 2 Ethan Del Mastro         Artem Duda               50     1   2  2  

Penalty Kill - 3 Players Forward 
   Forward                                           Time % Phy DF OF 
 1 Kirby Dach                                        50     1   2  2  
 2 Paul Cotter                                       50     1   2  2  

Penalty Kill - 3 Players Defense
   Defense                  Defense                  Time % Phy DF OF 
 1 Calvin de Haan           Brandt Clarke            50     1   2  2  
 2 Ethan Del Mastro         Artem Duda               50     1   2  2  

4 vs 4 Forward 
   Center                   Wing                     Time % Phy DF OF 
 1 Kirby Dach               Paul Cotter              50     1   2  2  
 2 Victor Olofsson          Adam Gaudette            50     1   2  2  

4 vs 4 Defense
   Defense                  Defense                  Time % Phy DF OF 
 1 Calvin de Haan           Brandt Clarke            50     1   2  2  
 2 Ethan Del Mastro         Artem Duda               50     1   2  2  

Last Minutes Offensive
   Center                   Left Wing                Right Wing               Defense                  Defense                  
   Kirby Dach               Paul Cotter              Victor Olofsson          Calvin de Haan           Brandt Clarke            

Last Minutes Defensive
   Center                   Left Wing                Right Wing               Defense                  Defense                  
   Kirby Dach               Paul Cotter              Victor Olofsson          Calvin de Haan           Brandt Clarke            

Goaltenders
Starting : Devon Levi               
Backup : Jacob Fowler             

Extra Forwards
Normal : Nick Cousins, Bradly Nadeau, Sam Lafferty - PP : Nick Cousins, Bradly Nadeau - PK : Sam Lafferty
Extra Defensemen
Normal : Jorian Donovan, Marc Staal, Ethan Del Mastro - PP : Jorian Donovan - PK : Marc Staal, Ethan Del Mastro
Penalty Shots
Kirby Dach, Paul Cotter, Victor Olofsson, Adam Gaudette, Kevin Rooney

Scratches
Artur Akhtyamov (Healthy)

Sarnia Sailors

5 vs 5 Forward 
   Center                   Left Wing                Right Wing               Time % Phy DF OF 
 1 Brad Lambert             Skyler Brind'Amour       Arthur Kaliyev           40     2   1  2  
 2 Rory Kerins              Zachary L'Heureux        Jesse Puljujarvi         30     2   1  2  
 3 Logan Morrison           Nate Danielson           Landon Slaggert          20     1   2  2  
 4 Nathan Gaucher           Tristen Nielsen          Cole Reinhardt           10     2   1  2  

5 vs 5 Defense 
   Defense                  Defense                                           Time % Phy DF OF 
 1 Nikolas Matinpalo        Declan Chisholm                                   40     1   2  2  
 2 Tyson Hinds              Adam Ginning                                      30     2   1  2  
 3 Erik Brannstrom          Jeremie Poirier                                   20     2   2  1  
 4 Tyson Hinds              Declan Chisholm                                   10     1   2  2  

PowerPlay Forward 
   Center                   Left Wing                Right Wing               Time % Phy DF OF 
 1 Brad Lambert             Nate Danielson           Arthur Kaliyev           60     0   1  4  
 2 Rory Kerins              Zachary L'Heureux        Jesse Puljujarvi         40     0   1  4  

PowerPlay Defense
   Defense                  Defense                                           Time % Phy DF OF 
 1 Nikolas Matinpalo        Declan Chisholm                                   60     1   1  3  
 2 Tyson Hinds              Adam Ginning                                      40     2   1  2  

Penalty Kill 4 Players Forward 
   Center                   Wing                     Time % Phy DF OF 
 1 Rory Kerins              Skyler Brind'Amour       60     2   2  1  
 2 Logan Morrison           Landon Slaggert          40     2   2  1  

Penalty Kill 4 Players Defense
   Defense                  Defense                  Time % Phy DF OF 
 1 Nikolas Matinpalo        Declan Chisholm          60     2   1  2  
 2 Tyson Hinds              Adam Ginning             40     2   2  1  

Penalty Kill - 3 Players Forward 
   Forward                                           Time % Phy DF OF 
 1 Rory Kerins                                       60     2   2  1  
 2 Zachary L'Heureux                                 40     2   2  1  

Penalty Kill - 3 Players Defense
   Defense                  Defense                  Time % Phy DF OF 
 1 Nikolas Matinpalo        Declan Chisholm          60     2   1  2  
 2 Tyson Hinds              Adam Ginning             40     2   2  1  

4 vs 4 Forward 
   Center                   Wing                     Time % Phy DF OF 
 1 Brad Lambert             Nate Danielson           60     2   1  2  
 2 Rory Kerins              Zachary L'Heureux        40     2   1  2  

4 vs 4 Defense
   Defense                  Defense                  Time % Phy DF OF 
 1 Nikolas Matinpalo        Declan Chisholm          60     1   2  2  
 2 Tyson Hinds              Adam Ginning             40     2   1  2  

Last Minutes Offensive
   Center                   Left Wing                Right Wing               Defense                  Defense                  
   Brad Lambert             Zachary L'Heureux        Arthur Kaliyev           Nikolas Matinpalo        Declan Chisholm          

Last Minutes Defensive
   Center                   Left Wing                Right Wing               Defense                  Defense                  
   Brad Lambert             Zachary L'Heureux        Arthur Kaliyev           Nikolas Matinpalo        Declan Chisholm          

Goaltenders
Starting : Sebastian Cossa          
Backup : Remi Poirier             

Extra Forwards
Normal : Logan Morrison, Landon Slaggert, Cole Reinhardt - PP : Nathan Gaucher, Tristen Nielsen - PK : Logan Morrison
Extra Defensemen
Normal : Erik Brannstrom, Jeremie Poirier, Nikolas Matinpalo - PP : Erik Brannstrom - PK : Erik Brannstrom, Jeremie Poirier
Penalty Shots
Brad Lambert, Nate Danielson, Arthur Kaliyev, Jesse Puljujarvi, Rory Kerins

Scratches
Samuel Walker (Healthy), Jack Rathbone (Healthy), Tyler Boucher (Healthy), Lucas Edmonds (Healthy), Ethan Edwards (Healthy)
Jett Woo (Healthy), Dylan Ferguson (Healthy)

% Time on Ice - Quebec Remparts

Lines # - Real PCT - Wanted PCT - Time Play
Normal Forward
1 - 29% - 30% - 12:01
2 - 32% - 30% - 13:28
3 - 22% - 25% - 9:23
4 - 17% - 15% - 6:57
Normal Defense
1 - 33% - 30% - 13:44
2 - 31% - 30% - 13:03
3 - 26% - 25% - 10:44
4 - 10% - 15% - 4:18
PP Forward
1 - 46% - 50% - 2:07
2 - 54% - 50% - 2:28
PP Defense
1 - 44% - 50% - 2:01
2 - 56% - 50% - 2:34
PK Forward
1 - 53% - 50% - 7:13
2 - 47% - 50% - 6:23
PK Defense
1 - 53% - 50% - 7:09
2 - 47% - 50% - 6:27
PK3 Forward
1 - 0% - 50%
2 - 0% - 50%
PK3 Defense
1 - 0% - 50%
2 - 0% - 50%
44 Forward
1 - 0% - 50%
2 - 0% - 50%
44 Defense
1 - 0% - 50%
2 - 0% - 50%
Last Minute Offensive  - 0:00
Last Minute Defensive  - 0:00
Total
Forward - 60:00
Defense - 60:00

% Time on Ice - Sarnia Sailors

Lines # - Real PCT - Wanted PCT - Time Play
Normal Forward
1 - 33% - 40% - 13:54
2 - 26% - 30% - 10:52
3 - 20% - 20% - 8:10
4 - 21% - 10% - 8:53
Normal Defense
1 - 37% - 40% - 15:32
2 - 33% - 30% - 13:45
3 - 27% - 20% - 11:18
4 - 3% - 10% - 1:14
PP Forward
1 - 62% - 60% - 8:28
2 - 38% - 40% - 5:08
PP Defense
1 - 61% - 60% - 8:16
2 - 39% - 40% - 5:20
PK Forward
1 - 75% - 60% - 3:26
2 - 25% - 40% - 1:09
PK Defense
1 - 38% - 60% - 1:45
2 - 62% - 40% - 2:50
PK3 Forward
1 - 0% - 60%
2 - 0% - 40%
PK3 Defense
1 - 0% - 60%
2 - 0% - 40%
44 Forward
1 - 0% - 60%
2 - 0% - 40%
44 Defense
1 - 0% - 60%
2 - 0% - 40%
Last Minute Offensive  - 0:00
Last Minute Defensive  - 0:00
Total
Forward - 60:00
Defense - 60:00

Play-by-Play

1st period


0:01 of 1st period - Kirby Dach wins face-off versus Skyler Brind'Amour in neutral zone.
0:10 of 1st period - Wrist shot by Arthur Kaliyev.
0:10 of 1st period - Stopped by Devon Levi with a rebound.
0:12 of 1st period - Slapshot by Declan Chisholm.
0:12 of 1st period - Stopped by Devon Levi without a rebound.
0:13 of 1st period - Rory Kerins wins face-off versus Kevin Rooney in Quebec Remparts zone.
0:16 of 1st period - Backhand shot by Zachary L'Heureux.
0:16 of 1st period - Shot Misses the Net.
0:18 of 1st period - Slapshot by Tyson Hinds.
0:18 of 1st period - Shot Blocked by Kevin Rooney.
0:20 of 1st period - Slapshot by Tyson Hinds.
0:20 of 1st period - Stopped by Devon Levi with a rebound.
0:24 of 1st period - Wrist shot by Jesse Puljujarvi.
0:24 of 1st period - Shot Misses the Net.
0:26 of 1st period - Wrist shot by Rory Kerins.
0:26 of 1st period - Shot Blocked by Kevin Rooney.
0:28 of 1st period - Snap shot by Adam Ginning.
0:28 of 1st period - Stopped by Devon Levi with a rebound.
0:48 of 1st period - Snap shot by Landon Slaggert.
0:48 of 1st period - Shot Misses the Net.
1:56 of 1st period - Minor Penalty to Nikolas Matinpalo for Roughing.
1:57 of 1st period - Kirby Dach wins face-off versus Rory Kerins in Sarnia Sailors zone.
1:58 of 1st period - Snap shot by Paul Cotter.
1:58 of 1st period - Goal by Paul Cotter - Quebec Remparts : 1 - Sarnia Sailors : 0.
1:59 of 1st period - Brad Lambert wins face-off versus Nick Cousins in neutral zone.
2:02 of 1st period - Wrist shot by Arthur Kaliyev.
2:02 of 1st period - Stopped by Devon Levi without a rebound.
2:03 of 1st period - Nick Cousins wins face-off versus Brad Lambert in Quebec Remparts zone.
2:12 of 1st period - Wrist shot by Sam Lafferty.
2:12 of 1st period - Stopped by Sebastian Cossa with a rebound.
2:14 of 1st period - Wrist shot by Calvin de Haan.
2:14 of 1st period - Stopped by Sebastian Cossa with a rebound.
2:30 of 1st period - Kirby Dach is hit by Landon Slaggert and loses puck.
3:10 of 1st period - Wrist shot by Arthur Kaliyev.
3:10 of 1st period - Shot Blocked by Calvin de Haan.
4:18 of 1st period - Icing by Rory Kerins.
4:19 of 1st period - Rory Kerins wins face-off versus Nick Cousins in Sarnia Sailors zone.
4:26 of 1st period - Snap shot by Nick Cousins.
4:26 of 1st period - Shot Blocked by Rory Kerins.
4:28 of 1st period - Wrist shot by Bradly Nadeau.
4:28 of 1st period - Stopped by Sebastian Cossa with a rebound.
4:46 of 1st period - Snap shot by Nick Cousins.
4:46 of 1st period - Stopped by Sebastian Cossa with a rebound.
4:48 of 1st period - Snap shot by Nick Cousins.
4:48 of 1st period - Shot Misses the Net.
4:50 of 1st period - Slapshot by Ethan Del Mastro.
4:50 of 1st period - Stopped by Sebastian Cossa with a rebound.
4:52 of 1st period - Slapshot by Artem Duda.
4:52 of 1st period - Stopped by Sebastian Cossa with a rebound.
4:54 of 1st period - Slapshot by Artem Duda.
4:54 of 1st period - Stopped by Sebastian Cossa with a rebound.
4:56 of 1st period - Slapshot by Artem Duda.
4:56 of 1st period - Shot Misses the Net.
4:58 of 1st period - Snap shot by Nick Cousins.
4:58 of 1st period - Stopped by Sebastian Cossa with a rebound.
5:00 of 1st period - Snap shot by Bradly Nadeau.
5:00 of 1st period - Shot Misses the Net.
5:02 of 1st period - Wrist shot by Nick Cousins.
5:02 of 1st period - Shot Misses the Net.
5:08 of 1st period - Snap shot by Nick Cousins.
5:08 of 1st period - Shot Blocked by Tyson Hinds.
5:10 of 1st period - Slapshot by Jorian Donovan.
5:10 of 1st period - Shot Misses the Net.
5:18 of 1st period - Snap shot by Zachary L'Heureux.
5:18 of 1st period - Stopped by Devon Levi with a rebound.
5:44 of 1st period - Snap shot by Jesse Puljujarvi.
5:44 of 1st period - Shot Misses the Net.
5:46 of 1st period - Slapshot by Zachary L'Heureux.
5:46 of 1st period - Stopped by Devon Levi without a rebound.
5:47 of 1st period - Brad Lambert wins face-off versus Kirby Dach in Quebec Remparts zone.
5:50 of 1st period - Wrist shot by Arthur Kaliyev.
5:50 of 1st period - Shot Blocked by Kirby Dach.
6:12 of 1st period - Calvin de Haan is hit by Logan Morrison and loses puck.
7:00 of 1st period - Jorian Donovan is hit by Erik Brannstrom.
7:18 of 1st period - Wrist shot by Kirby Dach.
7:18 of 1st period - Stopped by Sebastian Cossa without a rebound.
7:19 of 1st period - Brad Lambert wins face-off versus Kirby Dach in Sarnia Sailors zone.
8:23 of 1st period - Maros Jedlicka is hit by Zachary L'Heureux and loses puck.
8:36 of 1st period - Snap shot by Adam Gaudette.
8:36 of 1st period - Shot Blocked by Rory Kerins.
8:40 of 1st period - Wrist shot by Adam Gaudette.
8:40 of 1st period - Shot Blocked by Rory Kerins.
8:50 of 1st period - Wrist shot by Bradly Nadeau.
8:50 of 1st period - Deflect By Jesse Puljujarvi.
8:50 of 1st period - Stopped by Sebastian Cossa without a rebound.
8:51 of 1st period - Sam Lafferty wins face-off versus Brad Lambert in Sarnia Sailors zone.
8:54 of 1st period - Slapshot by Sam Lafferty.
8:54 of 1st period - Shot Misses the Net.
8:56 of 1st period - Snap shot by Bradly Nadeau.
8:56 of 1st period - Stopped by Sebastian Cossa with a rebound.
8:58 of 1st period - Wrist shot by Sam Lafferty.
8:58 of 1st period - Stopped by Sebastian Cossa with a rebound.
9:04 of 1st period - Backhand shot by Bradly Nadeau.
9:04 of 1st period - Stopped by Sebastian Cossa with a rebound.
9:16 of 1st period - Brad Lambert is hit by Kirby Dach.
9:40 of 1st period - Snap shot by Brad Lambert.
9:40 of 1st period - Stopped by Devon Levi with a rebound.
9:46 of 1st period - Paul Cotter is hit by Skyler Brind'Amour and loses puck.
10:00 of 1st period - Wrist shot by Kirby Dach.
10:00 of 1st period - Shot Hit the Post.
10:26 of 1st period - Snap shot by Arthur Kaliyev.
10:26 of 1st period - Shot Blocked by Calvin de Haan.
10:28 of 1st period - Slapshot by Declan Chisholm.
10:28 of 1st period - Stopped by Devon Levi with a rebound.
10:30 of 1st period - Wrist shot by Declan Chisholm.
10:30 of 1st period - Stopped by Devon Levi without a rebound.
10:31 of 1st period - Kevin Rooney wins face-off versus Logan Morrison in Quebec Remparts zone.
10:45 of 1st period - Snap shot by Adam Gaudette.
10:45 of 1st period - Deflect By Landon Slaggert.
10:45 of 1st period - Stopped by Sebastian Cossa with a rebound.
10:57 of 1st period - Ethan Del Mastro is hit by Zachary L'Heureux.
11:05 of 1st period - Off-side.
11:06 of 1st period - Rory Kerins wins face-off versus Kevin Rooney in neutral zone.
11:09 of 1st period - Snap shot by Zachary L'Heureux.
11:09 of 1st period - Shot Misses the Net.
11:11 of 1st period - Snap shot by Zachary L'Heureux.
11:11 of 1st period - Shot Blocked by Fraser Minten.
11:13 of 1st period - Wrist shot by Zachary L'Heureux.
11:13 of 1st period - Shot Hit the Post.
11:15 of 1st period - Slapshot by Erik Brannstrom.
11:15 of 1st period - Stopped by Devon Levi without a rebound.
11:16 of 1st period - Kevin Rooney wins face-off versus Rory Kerins in Quebec Remparts zone.
11:38 of 1st period - Snap shot by Rory Kerins.
11:38 of 1st period - Stopped by Devon Levi without a rebound.
11:39 of 1st period - Victor Olofsson wins face-off versus Logan Morrison in Quebec Remparts zone.
11:52 of 1st period - Wrist shot by Paul Cotter.
11:52 of 1st period - Stopped by Sebastian Cossa without a rebound.
11:53 of 1st period - Kevin Rooney wins face-off versus Brad Lambert in Sarnia Sailors zone.
12:37 of 1st period - Off-side.
12:38 of 1st period - Rory Kerins wins face-off versus Dalibor Dvorsky in neutral zone.
12:52 of 1st period - Zachary L'Heureux and Jordan Dumais fight to a draw.
12:52 of 1st period - Penalty to Zachary L'Heureux for Fighting.
12:52 of 1st period - Penalty to Jordan Dumais for Fighting.
12:53 of 1st period - Kevin Rooney wins face-off versus Brad Lambert in Sarnia Sailors zone.
13:04 of 1st period - Nikolas Matinpalo is hit by Calvin de Haan and loses puck.
13:23 of 1st period - Slapshot by Nick Cousins.
13:23 of 1st period - Shot Blocked by Nikolas Matinpalo.
13:32 of 1st period - Arthur Kaliyev is hit by Sam Lafferty and loses puck.
13:37 of 1st period - Slapshot by Declan Chisholm.
13:37 of 1st period - Shot Misses the Net.
13:55 of 1st period - Icing by Victor Olofsson.
13:56 of 1st period - Logan Morrison wins face-off versus Kirby Dach in Quebec Remparts zone.
14:03 of 1st period - Wrist shot by Logan Morrison.
14:03 of 1st period - Stopped by Devon Levi with a rebound.
14:19 of 1st period - Logan Morrison is hit by Ethan Del Mastro and loses puck.
14:32 of 1st period - Snap shot by Kirby Dach.
14:32 of 1st period - Stopped by Sebastian Cossa with a rebound.
14:34 of 1st period - Snap shot by Paul Cotter.
14:34 of 1st period - Stopped by Sebastian Cossa with a rebound.
14:36 of 1st period - Wrist shot by Ethan Del Mastro.
14:36 of 1st period - Deflect By Paul Cotter.
14:36 of 1st period - Stopped by Sebastian Cossa with a rebound.
14:38 of 1st period - Snap shot by Paul Cotter.
14:38 of 1st period - Goal by Paul Cotter - Quebec Remparts : 2 - Sarnia Sailors : 0.
14:39 of 1st period - Rory Kerins wins face-off versus Kevin Rooney in neutral zone.
14:41 of 1st period - Off-side.
14:42 of 1st period - Kevin Rooney wins face-off versus Rory Kerins in neutral zone.
14:53 of 1st period - Snap shot by Kevin Rooney.
14:53 of 1st period - Stopped by Sebastian Cossa with a rebound.
15:35 of 1st period - Slapshot by Paul Cotter.
15:35 of 1st period - Stopped by Sebastian Cossa with a rebound.
15:37 of 1st period - Wrist shot by Victor Olofsson.
15:37 of 1st period - Stopped by Sebastian Cossa with a rebound.
15:49 of 1st period - Minor Penalty to Nathan Gaucher for Roughing.
15:50 of 1st period - Rory Kerins wins face-off versus Kevin Rooney in Sarnia Sailors zone.
15:59 of 1st period - Wrist shot by Adam Gaudette.
15:59 of 1st period - Shot Misses the Net.
16:01 of 1st period - Slapshot by Artem Duda.
16:01 of 1st period - Stopped by Sebastian Cossa with a rebound.
16:05 of 1st period - Snap shot by Adam Gaudette.
16:05 of 1st period - Shot Misses the Net.
17:43 of 1st period - Ethan Del Mastro is hit by Tyson Hinds and loses puck.
17:49 of 1st period - Penalty to Nathan Gaucher is over, Nathan Gaucher is back on ice.
18:25 of 1st period - Calvin de Haan is hit by Nathan Gaucher and loses puck.
19:19 of 1st period - Kevin Rooney is hit by Skyler Brind'Amour and loses puck.
Goals for this period are 2 for Quebec Remparts vs 0 for Sarnia Sailors.
Shots for this period are 24 for Quebec Remparts vs 13 for Sarnia Sailors.

2nd period


0:01 of 2nd period - Brad Lambert wins face-off versus Kevin Rooney in neutral zone.
0:12 of 2nd period - Wrist shot by Skyler Brind'Amour.
0:12 of 2nd period - Stopped by Devon Levi without a rebound.
0:13 of 2nd period - Brad Lambert wins face-off versus Kevin Rooney in Quebec Remparts zone.
0:34 of 2nd period - Minor Penalty to Brandt Clarke for Roughing.
0:35 of 2nd period - Brad Lambert wins face-off versus Kirby Dach in Quebec Remparts zone.
0:40 of 2nd period - Snap shot by Arthur Kaliyev.
0:40 of 2nd period - Shot Blocked by Kirby Dach.
2:19 of 2nd period - Icing by Rory Kerins.
2:20 of 2nd period - Rory Kerins wins face-off versus Kirby Dach in Sarnia Sailors zone.
2:34 of 2nd period - Penalty to Brandt Clarke is over, Brandt Clarke is back on ice.
2:50 of 2nd period - Minor Penalty to Tristen Nielsen for Holding.
2:51 of 2nd period - Kirby Dach wins face-off versus Rory Kerins in Sarnia Sailors zone.
2:51 of 2nd period - Wrist shot by Paul Cotter.
2:51 of 2nd period - Shot Misses the Net.
2:53 of 2nd period - Slapshot by Ethan Del Mastro.
2:53 of 2nd period - Shot Misses the Net.
2:55 of 2nd period - Snap shot by Kirby Dach.
2:55 of 2nd period - Shot Misses the Net.
2:57 of 2nd period - Slapshot by Paul Cotter.
2:57 of 2nd period - Deflect By Kirby Dach.
2:57 of 2nd period - Shot Blocked by Tyson Hinds.
2:57 of 2nd period - Puck is out of play.
2:58 of 2nd period - Rory Kerins wins face-off versus Kirby Dach in Sarnia Sailors zone.
3:15 of 2nd period - Adam Ginning is hit by Paul Cotter and loses puck.
3:54 of 2nd period - Logan Morrison is hit by Artem Duda and loses puck.
4:08 of 2nd period - Icing by Kirby Dach.
4:09 of 2nd period - Rory Kerins wins face-off versus Kirby Dach in Quebec Remparts zone.
4:38 of 2nd period - Rory Kerins is hit by Paul Cotter and loses puck.
4:50 of 2nd period - Penalty to Tristen Nielsen is over, Tristen Nielsen is back on ice.
5:05 of 2nd period - Snap shot by Landon Slaggert.
5:05 of 2nd period - Shot Blocked by Ethan Del Mastro.
5:15 of 2nd period - Artem Duda is hit by Tyson Hinds and loses puck.
5:38 of 2nd period - Wrist shot by Dalibor Dvorsky.
5:38 of 2nd period - Shot Misses the Net.
5:40 of 2nd period - Snap shot by Maros Jedlicka.
5:40 of 2nd period - Stopped by Sebastian Cossa with a rebound.
5:44 of 2nd period - Snap shot by Dalibor Dvorsky.
5:44 of 2nd period - Shot Misses the Net.
5:54 of 2nd period - Jorian Donovan is hit by Jesse Puljujarvi.
6:49 of 2nd period - Brad Lambert is hit by Paul Cotter and loses puck.
7:14 of 2nd period - Backhand shot by Arthur Kaliyev.
7:14 of 2nd period - Shot Misses the Net.
7:16 of 2nd period - Snap shot by Skyler Brind'Amour.
7:16 of 2nd period - Stopped by Devon Levi without a rebound.
7:17 of 2nd period - Kevin Rooney wins face-off versus Nathan Gaucher in Quebec Remparts zone.
7:46 of 2nd period - Slapshot by Nikolas Matinpalo.
7:46 of 2nd period - Stopped by Devon Levi without a rebound.
7:47 of 2nd period - Rory Kerins wins face-off versus Kirby Dach in Quebec Remparts zone.
8:14 of 2nd period - Snap shot by Logan Morrison.
8:14 of 2nd period - Shot Misses the Net.
8:16 of 2nd period - Wrist shot by Landon Slaggert.
8:16 of 2nd period - Shot Blocked by Adam Gaudette.
8:18 of 2nd period - Slapshot by Tyson Hinds.
8:18 of 2nd period - Shot Misses the Net.
8:20 of 2nd period - Slapshot by Logan Morrison.
8:20 of 2nd period - Stopped by Devon Levi without a rebound.
8:21 of 2nd period - Brad Lambert wins face-off versus Kevin Rooney in Quebec Remparts zone.
8:24 of 2nd period - Snap shot by Brad Lambert.
8:24 of 2nd period - Shot Misses the Net.
8:26 of 2nd period - Wrist shot by Arthur Kaliyev.
8:26 of 2nd period - Stopped by Devon Levi with a rebound.
8:28 of 2nd period - Wrist shot by Skyler Brind'Amour.
8:28 of 2nd period - Stopped by Devon Levi with a rebound.
9:09 of 2nd period - Rory Kerins is hit by Ethan Del Mastro and loses puck.
9:16 of 2nd period - Wrist shot by Sam Lafferty.
9:16 of 2nd period - Goal by Sam Lafferty - Quebec Remparts : 3 - Sarnia Sailors : 0.
9:17 of 2nd period - Brad Lambert wins face-off versus Kevin Rooney in neutral zone.
9:33 of 2nd period - Snap shot by Kevin Rooney.
9:33 of 2nd period - Stopped by Sebastian Cossa without a rebound.
9:34 of 2nd period - Rory Kerins wins face-off versus Kirby Dach in Sarnia Sailors zone.
9:34 of 2nd period - Rory Kerins is hit by Jorian Donovan.
9:39 of 2nd period - Declan Chisholm is hit by Jorian Donovan and loses puck.
9:44 of 2nd period - Snap shot by Jesse Puljujarvi.
9:44 of 2nd period - Shot Misses the Net.
9:46 of 2nd period - Slapshot by Nikolas Matinpalo.
9:46 of 2nd period - Deflect By Jesse Puljujarvi.
9:46 of 2nd period - Stopped by Devon Levi with a rebound.
9:48 of 2nd period - Slapshot by Nikolas Matinpalo.
9:48 of 2nd period - Stopped by Devon Levi with a rebound.
9:50 of 2nd period - Wrist shot by Zachary L'Heureux.
9:50 of 2nd period - Shot Misses the Net.
10:28 of 2nd period - Snap shot by Cole Reinhardt.
10:28 of 2nd period - Goal by Cole Reinhardt - Quebec Remparts : 3 - Sarnia Sailors : 1.
10:29 of 2nd period - Kirby Dach wins face-off versus Brad Lambert in neutral zone.
10:34 of 2nd period - Slapshot by Kirby Dach.
10:34 of 2nd period - Goal by Kirby Dach - Quebec Remparts : 4 - Sarnia Sailors : 1.
10:35 of 2nd period - Kevin Rooney wins face-off versus Brad Lambert in neutral zone.
10:46 of 2nd period - Snap shot by Fraser Minten.
10:46 of 2nd period - Stopped by Sebastian Cossa with a rebound.
10:48 of 2nd period - Slapshot by Brandt Clarke.
10:48 of 2nd period - Shot Misses the Net.
10:50 of 2nd period - Slapshot by Fraser Minten.
10:50 of 2nd period - Shot Misses the Net.
11:07 of 2nd period - Snap shot by Victor Olofsson.
11:07 of 2nd period - Shot Blocked by Declan Chisholm.
11:09 of 2nd period - Slapshot by Victor Olofsson.
11:09 of 2nd period - Stopped by Sebastian Cossa with a rebound.
11:29 of 2nd period - Slapshot by Nate Danielson.
11:29 of 2nd period - Stopped by Devon Levi with a rebound.
11:46 of 2nd period - Minor Penalty to Tyson Hinds for Interference.
11:47 of 2nd period - Rory Kerins wins face-off versus Kevin Rooney in Sarnia Sailors zone.
12:19 of 2nd period - Snap shot by Fraser Minten.
12:19 of 2nd period - Stopped by Sebastian Cossa with a rebound.
12:21 of 2nd period - Slapshot by Calvin de Haan.
12:21 of 2nd period - Goal by Calvin de Haan - Quebec Remparts : 5 - Sarnia Sailors : 1.
12:22 of 2nd period - Skyler Brind'Amour wins face-off versus Kirby Dach in neutral zone.
12:29 of 2nd period - Snap shot by Arthur Kaliyev.
12:29 of 2nd period - Shot Blocked by Calvin de Haan.
12:31 of 2nd period - Snap shot by Arthur Kaliyev.
12:31 of 2nd period - Stopped by Devon Levi with a rebound.
12:33 of 2nd period - Slapshot by Declan Chisholm.
12:33 of 2nd period - Stopped by Devon Levi without a rebound.
12:34 of 2nd period - Brad Lambert wins face-off versus Kevin Rooney in Quebec Remparts zone.
12:55 of 2nd period - Minor Penalty to Brandt Clarke for Interference.
12:56 of 2nd period - Arthur Kaliyev wins face-off versus Victor Olofsson in Quebec Remparts zone.
12:59 of 2nd period - Slapshot by Arthur Kaliyev.
12:59 of 2nd period - Shot Blocked by Victor Olofsson.
13:01 of 2nd period - Wrist shot by Declan Chisholm.
13:01 of 2nd period - Stopped by Devon Levi with a rebound.
13:03 of 2nd period - Wrist shot by Brad Lambert.
13:03 of 2nd period - Shot Misses the Net.
13:05 of 2nd period - Snap shot by Declan Chisholm.
13:05 of 2nd period - Stopped by Devon Levi with a rebound.
13:07 of 2nd period - Slapshot by Nikolas Matinpalo.
13:07 of 2nd period - Stopped by Devon Levi without a rebound.
13:08 of 2nd period - Brad Lambert wins face-off versus Paul Cotter in Quebec Remparts zone.
14:06 of 2nd period - Adam Gaudette is hit by Zachary L'Heureux and loses puck.
14:34 of 2nd period - Jesse Puljujarvi is hit by Kirby Dach and loses puck.
14:55 of 2nd period - Penalty to Brandt Clarke is over, Brandt Clarke is back on ice.
15:12 of 2nd period - Erik Brannstrom is hit by Jorian Donovan and loses puck.
15:17 of 2nd period - Wrist shot by Sam Lafferty.
15:17 of 2nd period - Deflect By Nick Cousins.
15:17 of 2nd period - Shot Blocked by Erik Brannstrom.
15:17 of 2nd period - Puck is out of play.
15:18 of 2nd period - Nate Danielson wins face-off versus Dalibor Dvorsky in Sarnia Sailors zone.
16:15 of 2nd period - Minor Penalty to Kirby Dach for Cross-checking.
16:16 of 2nd period - Sam Lafferty wins face-off versus Brad Lambert in Quebec Remparts zone.
16:16 of 2nd period - Sam Lafferty is hit by Nate Danielson.
17:23 of 2nd period - Snap shot by Declan Chisholm.
17:23 of 2nd period - Stopped by Devon Levi with a rebound.
17:56 of 2nd period - Adam Gaudette is hit by Arthur Kaliyev and loses puck.
18:07 of 2nd period - Arthur Kaliyev is hit by Paul Cotter and loses puck.
18:15 of 2nd period - Penalty to Kirby Dach is over, Kirby Dach is back on ice.
18:18 of 2nd period - Wrist shot by Brad Lambert.
18:18 of 2nd period - Shot Misses the Net.
18:20 of 2nd period - Slapshot by Nikolas Matinpalo.
18:20 of 2nd period - Stopped by Devon Levi with a rebound.
18:22 of 2nd period - Slapshot by Zachary L'Heureux.
18:22 of 2nd period - Deflect By Rory Kerins.
18:22 of 2nd period - Shot Blocked by Bradly Nadeau.
18:22 of 2nd period - Puck is out of play.
18:23 of 2nd period - Rory Kerins wins face-off versus Dalibor Dvorsky in Quebec Remparts zone.
18:41 of 2nd period - Icing by Jesse Puljujarvi.
18:42 of 2nd period - Kevin Rooney wins face-off versus Rory Kerins in Sarnia Sailors zone.
18:49 of 2nd period - Kevin Rooney is hit by Adam Ginning and loses puck.
19:44 of 2nd period - Wrist shot by Kirby Dach.
19:44 of 2nd period - Shot Blocked by Erik Brannstrom.
Goals for this period are 3 for Quebec Remparts vs 1 for Sarnia Sailors.
Shots for this period are 8 for Quebec Remparts vs 17 for Sarnia Sailors.

3rd period


0:01 of 3rd period - Brad Lambert wins face-off versus Kirby Dach in neutral zone.
0:10 of 3rd period - Wrist shot by Paul Cotter.
0:10 of 3rd period - Shot Misses the Net.
0:12 of 3rd period - Snap shot by Brandt Clarke.
0:12 of 3rd period - Stopped by Sebastian Cossa with a rebound.
0:35 of 3rd period - Slapshot by Arthur Kaliyev.
0:35 of 3rd period - Shot Misses the Net.
0:37 of 3rd period - Slapshot by Adam Ginning.
0:37 of 3rd period - Shot Misses the Net.
0:39 of 3rd period - Slapshot by Tyson Hinds.
0:39 of 3rd period - Shot Blocked by Calvin de Haan.
0:41 of 3rd period - Slapshot by Brad Lambert.
0:41 of 3rd period - Shot Blocked by Fraser Minten.
1:10 of 3rd period - Snap shot by Arthur Kaliyev.
1:10 of 3rd period - Stopped by Devon Levi with a rebound.
1:12 of 3rd period - Snap shot by Tyson Hinds.
1:12 of 3rd period - Shot Misses the Net.
1:42 of 3rd period - Snap shot by Arthur Kaliyev.
1:42 of 3rd period - Deflect By Kevin Rooney.
1:42 of 3rd period - Shot Misses the Net.
1:42 of 3rd period - Puck is out of play.
1:43 of 3rd period - Nick Cousins wins face-off versus Rory Kerins in Quebec Remparts zone.
2:08 of 3rd period - Declan Chisholm is hit by Dalibor Dvorsky and loses puck.
2:21 of 3rd period - Wrist shot by Zachary L'Heureux.
2:21 of 3rd period - Stopped by Devon Levi without a rebound.
2:22 of 3rd period - Logan Morrison wins face-off versus Paul Cotter in Quebec Remparts zone.
3:52 of 3rd period - Snap shot by Dalibor Dvorsky.
3:52 of 3rd period - Shot Misses the Net.
3:54 of 3rd period - Wrist shot by Artem Duda.
3:54 of 3rd period - Shot Misses the Net.
3:56 of 3rd period - Wrist shot by Ethan Del Mastro.
3:56 of 3rd period - Deflect By Kirby Dach.
3:56 of 3rd period - Shot Misses the Net.
3:56 of 3rd period - Puck is out of play.
3:57 of 3rd period - Kirby Dach wins face-off versus Nathan Gaucher in Sarnia Sailors zone.
3:58 of 3rd period - Snap shot by Victor Olofsson.
3:58 of 3rd period - Stopped by Sebastian Cossa without a rebound.
3:59 of 3rd period - Kirby Dach wins face-off versus Nathan Gaucher in Sarnia Sailors zone.
4:04 of 3rd period - Snap shot by Victor Olofsson.
4:04 of 3rd period - Shot Misses the Net.
4:31 of 3rd period - Double Minor Penalty to Kirby Dach for Roughing.
4:32 of 3rd period - Brad Lambert wins face-off versus Victor Olofsson in Quebec Remparts zone.
4:32 of 3rd period - Wrist shot by Nate Danielson.
4:32 of 3rd period - Shot Misses the Net.
4:44 of 3rd period - Wrist shot by Arthur Kaliyev.
4:44 of 3rd period - Stopped by Devon Levi with a rebound.
4:46 of 3rd period - Slapshot by Nikolas Matinpalo.
4:46 of 3rd period - Shot Misses the Net.
4:48 of 3rd period - Slapshot by Declan Chisholm.
4:48 of 3rd period - Shot Misses the Net.
5:07 of 3rd period - Snap shot by Nikolas Matinpalo.
5:07 of 3rd period - Deflect By Calvin de Haan.
5:07 of 3rd period - Stopped by Devon Levi without a rebound.
5:08 of 3rd period - Victor Olofsson wins face-off versus Brad Lambert in Quebec Remparts zone.
5:56 of 3rd period - Brad Lambert is hit by Sam Lafferty and loses puck.
6:15 of 3rd period - Brandt Clarke is hit by Rory Kerins and loses puck.
7:18 of 3rd period - Icing by Tristen Nielsen.
7:19 of 3rd period - Brad Lambert wins face-off versus Victor Olofsson in Sarnia Sailors zone.
7:24 of 3rd period - Adam Gaudette is hit by Tristen Nielsen.
7:46 of 3rd period - Arthur Kaliyev is hit by Victor Olofsson and loses puck.
8:31 of 3rd period - Penalty to Kirby Dach is over, Kirby Dach is back on ice.
8:35 of 3rd period - Ethan Del Mastro is hit by Tristen Nielsen and loses puck.
8:42 of 3rd period - Wrist shot by Nathan Gaucher.
8:42 of 3rd period - Stopped by Devon Levi without a rebound.
8:43 of 3rd period - Nathan Gaucher wins face-off versus Maros Jedlicka in Quebec Remparts zone.
8:54 of 3rd period - Snap shot by Jordan Dumais.
8:54 of 3rd period - Stopped by Sebastian Cossa with a rebound.
8:56 of 3rd period - Snap shot by Jorian Donovan.
8:56 of 3rd period - Deflect By Dalibor Dvorsky.
8:56 of 3rd period - Stopped by Sebastian Cossa with a rebound.
8:58 of 3rd period - Wrist shot by Maros Jedlicka.
8:58 of 3rd period - Shot Misses the Net.
9:10 of 3rd period - Fraser Minten is hit by Arthur Kaliyev.
9:29 of 3rd period - Fraser Minten is hit by Jeremie Poirier.
9:45 of 3rd period - Slapshot by Adam Gaudette.
9:45 of 3rd period - Stopped by Sebastian Cossa with a rebound.
9:47 of 3rd period - Wrist shot by Kevin Rooney.
9:47 of 3rd period - Shot Misses the Net.
9:51 of 3rd period - Wrist shot by Adam Gaudette.
9:51 of 3rd period - Stopped by Sebastian Cossa without a rebound.
9:52 of 3rd period - Rory Kerins wins face-off versus Nick Cousins in Sarnia Sailors zone.
9:58 of 3rd period - Minor Penalty to Nick Cousins for Holding.
9:59 of 3rd period - Kirby Dach wins face-off versus Rory Kerins in Quebec Remparts zone.
10:25 of 3rd period - Snap shot by Nate Danielson.
10:25 of 3rd period - Shot Blocked by Ethan Del Mastro.
10:43 of 3rd period - Calvin de Haan is hit by Adam Ginning and loses puck.
11:58 of 3rd period - Penalty to Nick Cousins is over, Nick Cousins is back on ice.
12:07 of 3rd period - Bradly Nadeau is hit by Logan Morrison and loses puck.
12:12 of 3rd period - Wrist shot by Landon Slaggert.
12:12 of 3rd period - Shot Misses the Net.
12:14 of 3rd period - Snap shot by Logan Morrison.
12:14 of 3rd period - Stopped by Devon Levi without a rebound.
12:15 of 3rd period - Nathan Gaucher wins face-off versus Jordan Dumais in Quebec Remparts zone.
12:30 of 3rd period - Snap shot by Dalibor Dvorsky.
12:30 of 3rd period - Shot Misses the Net.
13:24 of 3rd period - Skyler Brind'Amour is hit by Victor Olofsson and loses puck.
13:41 of 3rd period - Snap shot by Landon Slaggert.
13:41 of 3rd period - Shot Misses the Net.
14:03 of 3rd period - Snap shot by Adam Gaudette.
14:03 of 3rd period - Deflect By Fraser Minten.
14:03 of 3rd period - Shot Blocked by Declan Chisholm.
14:03 of 3rd period - Puck is out of play.
14:04 of 3rd period - Kevin Rooney wins face-off versus Brad Lambert in Sarnia Sailors zone.
14:07 of 3rd period - Snap shot by Adam Gaudette.
14:07 of 3rd period - Stopped by Sebastian Cossa with a rebound.
14:09 of 3rd period - Slapshot by Calvin de Haan.
14:09 of 3rd period - Deflect By Arthur Kaliyev.
14:09 of 3rd period - Stopped by Sebastian Cossa with a rebound.
14:35 of 3rd period - Wrist shot by Kevin Rooney.
14:35 of 3rd period - Deflect By Fraser Minten.
14:35 of 3rd period - Stopped by Sebastian Cossa with a rebound.
14:51 of 3rd period - Backhand shot by Kevin Rooney.
14:51 of 3rd period - Stopped by Sebastian Cossa with a rebound.
14:53 of 3rd period - Slapshot by Calvin de Haan.
14:53 of 3rd period - Deflect By Arthur Kaliyev.
14:53 of 3rd period - Stopped by Sebastian Cossa with a rebound.
14:55 of 3rd period - Snap shot by Kevin Rooney.
14:55 of 3rd period - Shot Blocked by Adam Ginning.
14:57 of 3rd period - Slapshot by Calvin de Haan.
14:57 of 3rd period - Shot Misses the Net.
14:59 of 3rd period - Snap shot by Fraser Minten.
14:59 of 3rd period - Stopped by Sebastian Cossa without a rebound.
15:00 of 3rd period - Rory Kerins wins face-off versus Paul Cotter in Sarnia Sailors zone.
15:13 of 3rd period - Slapshot by Victor Olofsson.
15:13 of 3rd period - Stopped by Sebastian Cossa with a rebound.
17:09 of 3rd period - Backhand shot by Tristen Nielsen.
17:09 of 3rd period - Stopped by Devon Levi with a rebound.
17:59 of 3rd period - Snap shot by Arthur Kaliyev.
17:59 of 3rd period - Shot Misses the Net.
18:01 of 3rd period - Wrist shot by Declan Chisholm.
18:01 of 3rd period - Stopped by Devon Levi without a rebound.
18:02 of 3rd period - Logan Morrison wins face-off versus Kirby Dach in Quebec Remparts zone.
18:03 of 3rd period - Backhand shot by Landon Slaggert.
18:03 of 3rd period - Shot Misses the Net.
18:18 of 3rd period - Minor Penalty to Marc Staal for Holding Stick.
18:19 of 3rd period - Victor Olofsson wins face-off versus Brad Lambert in Quebec Remparts zone.
18:27 of 3rd period - Snap shot by Nikolas Matinpalo.
18:27 of 3rd period - Stopped by Devon Levi without a rebound.
18:28 of 3rd period - Victor Olofsson wins face-off versus Brad Lambert in Quebec Remparts zone.
18:59 of 3rd period - Snap shot by Arthur Kaliyev.
18:59 of 3rd period - Shot Misses the Net.
19:01 of 3rd period - Slapshot by Declan Chisholm.
19:01 of 3rd period - Stopped by Devon Levi without a rebound.
19:02 of 3rd period - Victor Olofsson wins face-off versus Rory Kerins in Quebec Remparts zone.
19:02 of 3rd period - Victor Olofsson is hit by Rory Kerins.
19:18 of 3rd period - Wrist shot by Jesse Puljujarvi.
19:18 of 3rd period - Shot Blocked by Ethan Del Mastro.
19:38 of 3rd period - Snap shot by Victor Olofsson.
19:38 of 3rd period - Deflect By Adam Gaudette.
19:38 of 3rd period - Stopped by Sebastian Cossa without a rebound.
19:39 of 3rd period - Rory Kerins wins face-off versus Victor Olofsson in Sarnia Sailors zone.
19:57 of 3rd period - Brandt Clarke is hit by Jesse Puljujarvi and loses puck.
Goals for this period are 0 for Quebec Remparts vs 0 for Sarnia Sailors.
Shots for this period are 14 for Quebec Remparts vs 10 for Sarnia Sailors.